 Dungeon Crawl Stone Soup version bcrawl-1.27.3 (webtiles) character file.

Game seed: 14033938116458241269

181863 Artagas the Digger (level 7, -3/45 HPs)
             Began as an Octopode Earth Elementalist on Sept 10, 2020.
             Was an Initiate of Sif Muna.
             Slain by a troll (10 damage)
             ... on level 5 of the Dungeon.
             The game lasted 00:19:51 (5235 turns).

Artagas the Digger (Octopode Earth Elementalist)    Turns: 5235, Time: 00:19:51

Health: -3/45      AC:  1    Str:  7    XL:     7   Next: 90%
Magic:  7/13       EV: 14    Int: 20    God:    Sif Muna [......]
Gold:   219        SH:  0    Dex: 12    Spells: 4/14 levels left

rFire    . . .     SeeInvis .   b - +0 hunting sling
rCold    . . .     Gourm    .   (no shield)
rNeg     . . .     Faith    .   (helmet restricted)
rPois    .         Spirit   .   (cloak restricted)
rElec    .         Reflect  .   (no amulet)
rCorr    .         Harm     .   (no ring)
MR       .....                  (no ring)
Stlth    +++.......             (no ring)
HPRegen  0.15/turn              (no ring)
MPRegen  0.13/turn              (no ring)
                                (no ring)
                                (no ring)
                                (no ring)

@: divine energy
A: almost no armour, stealthy swim, amphibious, 8 rings, constrict 8, camouflage
1, gelatinous body 1
a: Stop Divine Energy, Renounce Religion


You were on level 5 of the Dungeon.
You worshipped Sif Muna.
Sif Muna was noncommittal.
You were hungry.

You visited 2 branches of the dungeon, and saw 6 of its levels.

You collected 219 gold pieces.

Inventory:

Hand Weapons
 a - a +0 dagger
   (You took it off a goblin on level 2 of the Dungeon)
 b - a +0 hunting sling (weapon)
   (You took it off a goblin on level 2 of the Dungeon)
 h - a +0 club
   (You took it off a goblin on level 1 of the Dungeon)
Missiles
 k - 76 poisoned needles
 l - 926 sling bullets (quivered)
 m - 886 stones
Scrolls
 c - a scroll of teleportation {unknown}
 d - 2 scrolls of enchant weapon {unknown}
 i - a scroll of enchant armour
 j - a scroll of immolation
 p - 2 scrolls of fog {unknown}
 q - a scroll of noise {unknown}
 r - a scroll of identify
 t - a scroll of blinking {unknown}
 u - a scroll of amnesia {unknown}
 w - a scroll of remove curse
 x - 2 scrolls of fear {unknown}
 y - a scroll of magic mapping {unknown}
Potions
 g - 2 potions of agility {unknown}
 n - 2 potions of curing {unknown}
 o - a potion of degeneration {unknown}
 s - 3 potions of brilliance
Comestibles
 e - 7 rations {!d}


   Skills:
 - Level 2.0 Fighting
 - Level 3.0 Dodging
 - Level 3.0 Stealth
 + Level 4.0 Spellcasting
 - Level 3.0 Conjurations
 - Level 3.0 Transmutations
 + Level 6.0 Earth Magic


You had 4 spell levels left.
You knew the following spells:

 Your Spells              Type           Power        Failure   Level  Hunger
a - Sandblast             Erth           ####..       1%          1    None
b - Stone Arrow           Conj/Erth      ###...       6%          3    ###....
c - Passwall              Tmut/Erth      ###.....     3%          2    None
d - Petrify               Tmut/Erth      ###.......   21%         4    #####..

Your spell library contained the following spells:

 Spells                   Type           Power        Failure   Level  Hunger
 Apportation              Tloc           #.....       13%         1    None
 Infusion                 Chrm           #.......     13%         1    None
 Slow                     Hex            #.......     13%         1    None
 Summon Butterflies       Summ           #.......     13%         1    None
 Lee's Rapid Deconstruct  Erth           ####......   30%         5    ######.


Dungeon Overview and Level Annotations

Branches:
Dungeon (5/12)             Temple (1/1) D:4

Altars:
Ashenzari
Cheibriados
Dithmenos
Elyvilon
Fedhas
Gozag
Hepliaklqana
Kikubaaqudgha
Lugonu
Makhleb
Nemelex Xobeh
Okawaru
Qazlal
Ru
Sif Muna
Trog
Uskayaw
Vehumet
Wu Jian
Xom
Yredelemnul
Zin
The Shining One

Annotations:
D:3 Grinder


Innate Abilities, Weirdness & Mutations

You cannot wear most types of armour.
You are very stealthy in the water. (Stealth+)
You are amphibious.
You can wear up to eight rings at the same time.
You can use your tentacles to constrict eight enemies at once.
Your skin changes colour to match your surroundings (Stealth+).
Your rubbery body absorbs attacks. (AC +1, EV +1)


Message History

The troll is heavily wounded.
Sif Muna grants you divine energy.
You briefly lose access to your magic!
A crimson imp comes into view. It is quivering 53 poisoned tomahawks.
The crimson imp shouts!
The crimson imp blinks!
You regain access to your magic.
The crimson imp throws a poisoned tomahawk.
The poisoned tomahawk hits you.
The crimson imp blinks!
You start resting.
Eating one of 2 chunks of flesh.
You eat one of the 2 chunks of flesh.
This raw flesh tastes terrible.
All of the chunks of flesh in your inventory have rotted away.
Magic restored.
There is a stone staircase leading up here.
You climb upwards.
There is a stone staircase leading down here.
There is a stone staircase leading down here.
You climb downwards.
There is a stone staircase leading up here.
There is a stone staircase leading up here.
Casting: Stone Arrow (safe; 6% risk of failure)
Confirm with . or Enter, or press ? or * to list all spells.
You can't see any susceptible monsters within range! (Use Z to cast anyway.) Firing (i - inventory. (/) - cycle)
l - 927 sling bullets (quivered)
Press: ? - help, Shift-Dir - straight line, f - troll
Aim: a troll (hasn't noticed you)
You shoot a sling bullet.
The sling bullet closely misses the troll.
Casting: Stone Arrow (safe; 6% risk of failure)
Confirm with . or Enter, or press ? or * to list all spells.
Aiming: Stone Arrow (safe; 6% risk of failure)
Press: ? - help, Shift-Dir - straight line, f/p - troll
Aim: a troll The stone arrow misses the troll.
Casting: Stone Arrow (safe; 6% risk of failure)
Confirm with . or Enter, or press ? or * to list all spells.
Aiming: Stone Arrow (safe; 6% risk of failure)
Press: ? - help, Shift-Dir - straight line, f/p - troll
Aim: a troll The stone arrow misses the troll.
You are feeling hungry.
You climb upwards.
There is a stone staircase leading down here.
You see here a +0 giant club.
There is a stone staircase leading down here.
You climb downwards.
The troll closely misses you. The troll claws you! The troll barely misses you.
There is a stone staircase leading up here.
There is a stone staircase leading down here.
Casting: Stone Arrow (safe; 6% risk of failure)
Confirm with . or Enter, or press ? or * to list all spells.
Aiming: Petrify (slightly dangerous; 21% risk of failure)
Press: ? - help, Shift-Dir - straight line, f - troll
Aim: a troll (chance to defeat MR: 63%)
You miscast Petrify.
You are very lightly contaminated with residual magic.
You feel a surge of energy from the ground.
The troll misses you. The troll barely misses you. The troll claws you.
Press: ? - help, v - describe, . - travel
Here: a troll
There is a stone staircase leading down here.
There is a stone staircase leading down here.
Casting: Petrify (slightly dangerous; 21% risk of failure)
Confirm with . or Enter, or press ? or * to list all spells.
Aiming: Petrify (slightly dangerous; 21% risk of failure)
Press: ? - help, Shift-Dir - straight line, f/p - troll
Aim: a troll (chance to defeat MR: 63%)
The troll is moving more slowly.
The troll bites you! The troll claws you! The troll claws you.
* * * LOW HITPOINT WARNING * * *
There is a stone staircase leading up here.
There is a stone staircase leading down here.
The troll is no longer petrified.
You feel much better. The troll bites you. The troll completely misses you.
The troll claws you!
Your magical contamination has completely faded away.
Okay, then.
Okay, then.
Okay, then.
Casting: Petrify (slightly dangerous; 21% risk of failure)
Confirm with . or Enter, or press ? or * to list all spells.
Okay, then.
Casting: Petrify (slightly dangerous; 21% risk of failure)
Confirm with . or Enter, or press ? or * to list all spells.
Okay, then.
Casting: Petrify (slightly dangerous; 21% risk of failure)
Confirm with . or Enter, or press ? or * to list all spells.
Aiming: Passwall (safe; 3% risk of failure)
Press: ? - help, Dir - move target cursor, p - troll The troll misses you.
The troll claws you!
* * * LOW HITPOINT WARNING * * *
The troll closely misses you.
You begin to meditate on the wall.
You continue meditating on the rock.
The troll barely misses you. The troll misses you. x2
You continue meditating on the rock.
The troll bites you.
* * * LOW HITPOINT WARNING * * *
The troll claws you!
You die...

#.# #.# ###.# #<#
#...###### #.####...#
#......#.# #########.#
#....T..#.#
############.#####.#.#
........T.T).##.@....#
.....##########.T.####
.....##....#.........#
##.####.##.#.##...##.#
##.# #.#..#.#<.<..#.#
.T.# #.#..#.#.#...#.###
#######.#.##...###.#...#
.................>.###.#
####....#..........#...#


You could see a troll.

Vanquished Creatures
  3 ogres
  A bullfrog (D:3)
  2 scorpions (D:4)
  A howler monkey (D:3)
  A crimson imp (D:5)
  A jelly (D:5)
  An orc wizard (D:4)
  Terence (D:3)
  3 worker ants
  5 adders
  An ooze (D:2)
  An adder skeleton (D:5)
  4 worms
  3 leopard geckos
  11 orcs
  2 ball pythons
  A giant cockroach (D:3)
  9 goblins
  11 hobgoblins
  7 jackals
  8 kobolds
  2 quokkas (D:3)
  3 bats
  4 frilled lizards
  4 rats
90 creatures vanquished.

Notes
Turn   | Place    | Note
-------+----------+-------------------------------------------
     0 | D:1      | Artagas the Octopode Earth Elementalist began the quest for
                  | the Orb.
     0 | D:1      | Reached XP level 1. HP: 11/11 MP: 3/3
   360 | D:1      | Reached XP level 2. HP: 17/17 MP: 3/5
   674 | D:1      | Learned a level 2 spell: Passwall
   785 | D:1      | Reached skill level 4 in Earth Magic
   811 | D:1      | Reached XP level 3. HP: 21/21 MP: 2/6
   942 | D:1      | Learned a level 3 spell: Stone Arrow
  1956 | D:3      | Reached XP level 4. HP: 27/27 MP: 4/7
  2039 | D:3      | Reached skill level 1 in Conjurations
  2039 | D:3      | Reached skill level 5 in Earth Magic
  2202 | D:3      | Reached XP level 5. HP: 25/31 MP: 4/8
  2416 | D:3      | Noticed a bullfrog
  2420 | D:3      | Killed a bullfrog
  2420 | D:3      | Reached skill level 3 in Spellcasting
  2420 | D:3      | Reached skill level 2 in Conjurations
  2458 | D:3      | Learned a level 4 spell: Petrify
  2609 | D:3      | Noticed Terence
  2627 | D:3      | Killed Terence
  2627 | D:3      | Reached XP level 6. HP: 36/36 MP: 5/10
  2734 | D:3      | Found a faded altar of an unknown god.
  3223 | D:3      | Noticed Grinder
  3407 | D:4      | Reached skill level 3 in Conjurations
  3407 | D:4      | Reached skill level 2 in Transmutations
  3697 | D:4      | Reached skill level 1 in Fighting
  3702 | D:4      | Reached XP level 7. HP: 43/43 MP: 1/12
  3919 | D:4      | Found a staircase to the Ecumenical Temple.
  3930 | Temple   | Entered the Ecumenical Temple
  4041 | Temple   | Became a worshipper of Sif Muna the Loreminder
  4163 | D:4      | Reached skill level 3 in Transmutations
  4460 | D:5      | Entered Level 5 of the Dungeon
  4508 | D:5      | Reached skill level 2 in Fighting
  4597 | D:5      | Noticed a troll
  4819 | D:5      | Reached skill level 3 in Dodging
  4868 | D:5      | Reached skill level 4 in Spellcasting
  4916 | D:5      | Found a shimmering altar of Xom.
  4917 | D:5      | Found an ancient bone altar of Kikubaaqudgha.
  4960 | D:5      | Reached skill level 6 in Earth Magic
  5235 | D:5      | Slain by a troll

Skill      XL: |  1  2  3  4  5  6  7 |
---------------+----------------------+-----
Earth Magic    | 4 5 6 |  6.0
Conjurations   | 1 2 3 |  3.0
Spellcasting   | 3 4 |  4.0
Transmutations | 2 3 |  3.0
Fighting       | 1 2 |  2.0
Dodging        | 3 |  3.0
Stealth        | |  3.0

Action                   |  1- 3 |  4- 6 |  7- 9 || total
-------------------------+-------+-------+-------++-------
Melee: Unarmed           |     7 |       |       ||     7
       Constrict         |    17 |     6 |     1 ||    24
       Club              |    37 |       |       ||    37
       Tentacles         |     8 |     4 |     1 ||    13
       Dagger            |    20 |    23 |    14 ||    57
 Fire: Hunting sling     |     4 |    19 |    19 ||    42
Throw: Stone             |     1 |       |       ||     1
 Cast: Sandblast         |    21 |    15 |    21 ||    57
       Stone Arrow       |     4 |    28 |    24 ||    56
       Petrify           |       |       |     4 ||     4
       Passwall          |       |       |     1 ||     1
Invok: Divine Energy     |       |       |     1 ||     1
  Use: Scroll            |     1 |     6 |       ||     7
       Potion            |       |       |     1 ||     1
 Stab: Sleeping          |     6 |     1 |       ||     7
       Petrified         |       |       |     8 ||     8
  Eat: Chunk             |     7 |    10 |     7 ||    24
       Ration            |       |     1 |     1 ||     2
Armor: Skin              |     3 |     1 |       ||     4
Dodge: Dodged            |    49 |    27 |    22 ||    98

Levels and vault maps discovered:
D:1:      lightli_arrival_isolated_outpost, layout_loops_ring,
          nrook_loot_triangle
D:2:      kennysheep_the_goblin_king, layout_basic, first_ration
D:3:      minmay_recursive_quarters, layout_basic,
          chequers_ecumenical_altar_twisty, minmay_box_of_dots, uniq_grinder,
          uniq_terence
D:4:      layout_cave_pools, minmay_temple_entry_arrows
D:5:      layout_basic, minitemple
Temple:   regret_index_temple_sigil_plot

Table legend:
 A = Turns spent in this place as a percentage of turns spent in the entire game.
 B = Non-inter-level travel turns spent in this place as a percentage of non-inter-level travel turns spent in the entire game.
 C = Inter-level travel turns spent in this place as a percentage of turns spent in this place.
 D = Turns resting spent in this place as a percentage of non-inter-level travel turns spent in this place.
 E = Turns spent auto-exploring this place as a percentage of non-inter-level travel turns spent in this place.
 F = Non-inter-level travel turns spent in this place divided by the number of levels of this place that you've seen.
                   A       B       C       D       E      F
               +-------+-------+-------+-------+-------+----------------------
         Total | 100.0 | 100.0 |   8.5 |  17.5 |  58.5 | 798.5
       Dungeon |  97.5 |  97.9 |   8.1 |  17.9 |  57.7 | 938.0
        Temple |   2.5 |   2.1 |  21.7 |   0.0 |  97.0 | 101.0
               +-------+-------+-------+-------+-------+----------------------

Table legend:
 A = Kills in this place as a percentage of kills in entire the game.
 B = Kills by you in this place as a percentage of kills by you in the entire game.
 C = Kills by friends in this place as a percentage of kills by friends in the entire game.
 D = Other kills in this place as a percentage of other kills in the entire game.
 E = Experience gained in this place as a percentage of experience gained in the entire game.
 F = Experience gained in this place divided by the number of levels of this place that you have seen.
                   A       B       C       D       E      F
               +-------+-------+-------+-------+-------+----------------------
         Total | 100.0 | 100.0 |   N/A |   N/A | 100.0 | 190.3
       Dungeon | 100.0 | 100.0 |   N/A |   N/A | 100.0 | 228.4
               +-------+-------+-------+-------+-------+----------------------
